[Event "*** Titled Tuesday Blitz"]
[Site "Chess.com"]
[Date "2018.11.06"]
[Round "4"]
[White "Bad4life"]
[Black "2Tilted"]
[Result "0-1"]
[WhiteElo "2290"]
[BlackElo "2417"]
[TimeControl "180+2"]
[EndTime "13:52:31 PST"]
[Termination "2Tilted won by resignation"]

1. e4 c5 2. Nf3 e6 3. d4 cxd4 4. Nxd4 Nc6 5. Nc3 Qc7 6. Be3 a6 7. Qf3 Ne5 8. Qg3 h5 9. f3 Nf6 10. O-O-O h4 11. Qf2 b5 12. h3 d6 13. Nb3 Rb8 14. Ba7 Rb7 15. Bd4 Bd7 16. Bd3 b4 17.
Ne2 a5 18. Kb1 a4 19. Nbc1 Be7 20. f4 Nc6 21. e5 Nd5 22. exd6 Bxd6 23. Bxg7 Rg8 24.
Qxh4 Rxg7 25. f5 Rg8 26. Qh7 Rf8 27. fxe6 Bxe6 28. Rhe1 Nf6 29. Qh4 Be7 30. Nf4 Nd4 31. Bg6 fxg6 32. Rxd4 Bf5 33. Ncd3 b3 34. Rxa4 Qxc2+ 35. Ka1 Bxd3 36. Ra8+ Kf7 37. Rxf8+ Bxf8 38. Ne6 bxa2 39.
Nd8+ Kg8 40. Qxf6 Qb1+ 0-1

[Event "*** Titled Tuesday Blitz"]
[Site "Chess.com"]
[Date "2018.11.06"]
[Round "4"]
[White "DiogenesSinopeus"]
[Black "Jbd735"]
[Result "0-1"]
[WhiteElo "2412"]
[BlackElo "2476"]
[TimeControl "180+2"]
[EndTime "13:52:31 PST"]
[Termination "Jbd735 won by resignation"]

1. d4 d5 2. c4 c6 3. Nc3 e6 4.
e3 Nf6 5. Nf3 Nbd7 6. Qc2 Bd6 7.
g4 Nxg4 8. Rg1 Qf6 9. Rxg4 Qxf3 10.
Rxg7 Nf6 11. Rg5 Qh1 12. Bd2 Qxh2 13. Rg2 Qh5 14. Be2 Qh1+ 15. Bf1 Bd7 16. O-O-O O-O-O 17. Rg7 Qh6 18. Rg1 Rhg8 19. Bd3 Rxg1 20. Rxg1 Qh2 21.
Rf1 Rg8 22. e4 dxc4 23. Bxc4 Bf4 24. d5 Rg1 25. b4 Qxf2 26. Rxg1 Qxg1+ 27. Kb2 Bxd2 28. Qxd2 exd5 29. exd5 cxd5 30. Bxd5 Nxd5 31. Nxd5 Qg7+ 32. Ka3 Qg3+ 33. Kb2 Qe5+ 34. Ka3 Bc6 35. Nc3 h5 36. Kb3 h4 37. Qh6 Qe6+ 38. Qxe6+ fxe6 0-1

[Event "*** Titled Tuesday Blitz"]
[Site "Chess.com"]
[Date "2018.11.06"]
[Round "4"]
[White "saikrishnaReturns"]
[Black "joppie2"]
[Result "0-1"]
[WhiteElo "2613"]
[BlackElo "2681"]
[TimeControl "180+2"]
[EndTime "13:52:35 PST"]
[Termination "joppie2 won by checkmate"]

1. e4 c5 2. Nf3 d6 3. d4 cxd4 4. Nxd4 Nf6 5. Nc3 a6 6. Bg5 Nbd7 7. Bc4 Qb6 8. Bb3 e6 9. O-O Be7 10. Be3 Nc5 11. Qf3 O-O 12. Rad1 Qc7 13. Rfe1 b5 14. e5 dxe5 15. Qxa8 exd4 16. Bxd4 Bb7 17. Qa7 Ra8 18.
Qxa8+ Bxa8 19. f3 Nxb3 20. axb3 Bc5 21. Kh1 Bxd4 22. Rxd4 h6 23. Red1 Nd5 24. Nxd5 Bxd5 25. c4 bxc4 26. bxc4 Bc6 27. b4 Qe5 28. c5 Qe2 29. h3 Kh7 30. Rd6 Bd5 31. Ra1 Qc4 32.
Rdxa6 Qxb4 33. Rc1 Qb2 34. Raa1 Bc6 35. Rab1 Qe5 36. Rb6 Qe3 37. Rc2 Bd5 38. Rb1 Bc6 39.
Rb6 Qe1+ 40. Kh2 Qe5+ 41. Kh1 Qd5 42. Rc1 e5 43. Rb4 Qd2 44. Rbb1 e4 45. Rd1 Qf2 46. Rf1 Qxc5 47. fxe4 Bxe4 48. Rb2 f5 49. Rbf2 Qe5 50. Kg1 g5 51. Rd1 Kg6 52. Rfd2 Kh5 53. Rf2 Qc3 54.
Rd6 Qe1+ 55. Rf1 Qe3+ 56. Kh2 f4 57. Rg1 Qg3+ 58. Kh1 Qxh3# 0-1

[Event "*** Titled Tuesday Blitz"]
[Site "Chess.com"]
[Date "2018.11.06"]
[Round "4"]
[White "Alliswell998"]
[Black "ozates"]
[Result "0-1"]
[WhiteElo "2534"]
[BlackElo "2339"]
[TimeControl "180+2"]
[EndTime "13:52:40 PST"]
[Termination "ozates won by resignation"]

1. e4 e5 2. Nf3 Nc6 3. Bc4 Nf6 4. d3 Be7 5. Nbd2 O-O 6. Bb3 d6 7. c3 h6 8. O-O Kh8 9. Re1 Ng8 10.
d4 Bf6 11. Nf1 exd4 12. cxd4 Bg4 13. Be3 Bxf3 14. gxf3 Qd7 15. Ng3 Nge7 16. d5 Ne5 17. f4 Ng4 18. Bd4 Ng6 19. f3 Bxd4+ 20. Qxd4 Nf6 21.
Qd2 Rae8 22. Nf5 Ne7 23. Nd4 Nh5 24. f5 Ng8 25. Kh1 Qe7 26. Rg1 Qe5 27. Rad1 Ngf6 28. Qg2 Rg8 29. Ba4 Re7 30. Ne2 Qxb2 31. Rb1 Qxa2 32. Bd1 Qxb1 33. h4 a5 34. Kh2 Qb4 35. Bc2 a4 36. Rb1 Qd2 37. Bxa4 Nf4 38. Nxf4 Qxf4+ 39. Kg1 Ra8 40. Bd1 Nxd5 41. Rxb7 Ra1 42. Qf1 Qg3+ 43.
Kh1 Ne3 44. Qc4 Rxd1+ 45. Qf1 0-1

[Event "*** Titled Tuesday Blitz"]
[Site "Chess.com"]
[Date "2018.11.06"]
[Round "4"]
[White "aquaticpineapples"]
[Black "Me_ch_an"]
[Result "1-0"]
[WhiteElo "2014"]
[BlackElo "2194"]
[TimeControl "180+2"]
[EndTime "13:52:43 PST"]
[Termination "aquaticpineapples won by checkmate"]

1. d4 d5 2. Nf3 Nf6 3. e3 e6 4. Bd3 c5 5. b3 Nc6 6. a3 a6 7.
Bb2 b5 8. c4 bxc4 9. bxc4 Rb8 10. Qc2 Qb6 11. Bc3 cxd4 12. Nxd4 Be7 13. cxd5 Nxd5 14.
Nxc6 Qxc6 15. Bxg7 Qxc2 16. Bxc2 Rg8 17. Be5 Rb6 18.
O-O f5 19. Nc3 Bb7 20. Nxd5 Bxd5 21. g3 h5 22. Ba4+ Kf7 23. Bd4 Rb7 24. Rfc1 h4 25.
Bc6 Rb3 26. Bxd5 exd5 27. Rc7 hxg3 28. hxg3 Ke6 29. Rc6+ Kd7 30. Rxa6 Bd6 31. a4 f4 32. exf4 Bxf4 33. Ra7+ Ke6 34. Re1+ Kd6 35. Ra6+ Kd7 36. Ra7+ Kd6 37. Ree7 Bxg3 38. fxg3 Rgxg3+ 39. Kf2 Rgf3+ 40. Ke2 Rh3 41. Rad7+ Kc6 42. Rc7+ Kd6 43. Be5# 1-0

[Event "*** Titled Tuesday Blitz"]
[Site "Chess.com"]
[Date "2018.11.06"]
[Round "4"]
[White "murmah2003"]
[Black "iturrizaga"]
[Result "0-1"]
[WhiteElo "2502"]
[BlackElo "2695"]
[TimeControl "180+2"]
[EndTime "13:52:44 PST"]
[Termination "iturrizaga won on time"]

1. d4 Nf6 2. c4 b6 3. Nf3 Bb7 4. g3 c5 5. d5 b5 6. Bg2 bxc4 7. Nc3 g6 8. O-O Bg7 9. e4 d6 10. e5 dxe5 11. Nxe5 O-O 12. Nxc4 Nbd7 13. Re1 Re8 14.
Qb3 Nb6 15. Bg5 Bxd5 16. Nxd5 Nbxd5 17. Bxf6 Bxf6 18. Ne3 e6 19. Nxd5 exd5 20. Rxe8+ Qxe8 21. Bxd5 Rd8 22. Rd1 Kg7 23. Bc4 Rb8 24. Qa3 Bd4 25.
b3 Rb6 26. Qxa7 Rf6 27. Rxd4 Qe1+ 28. Kg2 Qxf2+ 29. Kh3 Qxd4 30. Qe7 h5 31. a4 Rf2 32. Qg5 Qb2 0-1

[Event "*** Titled Tuesday Blitz"]
[Site "Chess.com"]
[Date "2018.11.06"]
[Round "4"]
[White "ShadowJolteon"]
[Black "GrigorGrigorov"]
[Result "1-0"]
[WhiteElo "2379"]
[BlackElo "2656"]
[TimeControl "180+2"]
[EndTime "13:52:45 PST"]
[Termination "ShadowJolteon won on time"]

1. d4 e6 2. c4 Nf6 3. g3 c5 4.
Nf3 cxd4 5. Nxd4 d5 6. Bg2 e5 7.
Nb3 d4 8. O-O Nc6 9. f4 e4 10.
f5 a5 11. e3 a4 12. Nxd4 Bc5 13. Nxc6 Qxd1 14. Rxd1 bxc6 15. Rf1 O-O 16. Nc3 Re8 17.
Bd2 Re5 18. Bh3 h5 19. b3 axb3 20. axb3 Rxa1 21. Rxa1 Bxf5 22. Bxf5 Rxf5 23. Ra8+ Kh7 24. Nd1 Ng4 25. b4 Ne5 26. Bc3 Nf3+ 27. Kg2 Bd6 28. Ra5 Rxa5 29. bxa5 Bc5 30. Nf2 f5 31. Nd3 Bxe3 32.
Nb4 g5 33. Nxc6 f4 34. a6 Kg6 35. a7 Bxa7 36. Nxa7 g4 37. gxf4 e3 38. c5 Nh4+ 39. Kf1 Nf5 40. c6 Ne7 41. c7 h4 42. Bb4 h3 43. Bxe7 g3 44. c8=Q 1-0

[Event "*** Titled Tuesday Blitz"]
[Site "Chess.com"]
[Date "2018.11.06"]
[Round "4"]
[White "Sordis"]
[Black "talento10"]
[Result "1-0"]
[WhiteElo "2290"]
[BlackElo "2429"]
[TimeControl "180+2"]
[EndTime "13:52:47 PST"]
[Termination "Sordis won by checkmate"]

1. c4 Nf6 2. g3 e6 3. Bg2 d5 4. Nf3 Be7 5. O-O O-O 6. b3 c5 7. cxd5 exd5 8. d4 b6 9. Bb2 Nc6 10. Nc3 Be6 11. Ne5 Nxd4 12. e3 Nf5 13. g4 Nh4 14. g5 Rc8 15. gxf6 Bxf6 16. f4 Bxe5 17. fxe5 Qg5 18. Qe2 Bh3 19. Rf2 Rcd8 20. Kh1 Bxg2+ 21.
Rxg2 Qxg2+ 22. Qxg2 Nxg2 23. Kxg2 Rfe8 24. Ne2 f6 25.
exf6 Rxe3 26. Kf2 Rde8 27. Ng3 g6 28. Rd1 d4 29. Rd2 Kf7 30. b4 Kxf6 31. bxc5 bxc5 32. Rc2 R3e5 33. Kf3 Kg5 34. Bc1+ Kh4 35. Bf4 Rd5 36. Rg2 d3 37. Nf1 Rf8 38. Rg4+ Kh5 39. Ng3# 1-0

[Event "*** Titled Tuesday Blitz"]
[Site "Chess.com"]
[Date "2018.11.06"]
[Round "4"]
[White "Pilopa"]
[Black "TheRigos"]
[Result "1-0"]
[WhiteElo "2396"]
[BlackElo "2409"]
[TimeControl "180+2"]
[EndTime "13:52:52 PST"]
[Termination "Pilopa won by resignation"]

1. d4 Nf6 2. c4 c5 3. d5 b5 4. cxb5 a6 5. bxa6 g6 6. Nc3 Bxa6 7. e4 Bxf1 8. Kxf1 d6 9. Nf3 Bg7 10. g3 O-O 11. Kg2 Nbd7 12. a4 Ra6 13. Qe2 Qa8 14. Re1 Rc8 15. Bd2 Ng4 16. b3 Nde5 17. Nxe5 Nxe5 18. f4 Nd7 19. Rab1 c4 20. bxc4 Nc5 21.
e5 Rxa4 22. Nxa4 Qxa4 23. Bb4 Na6 24. Ra1 Qxb4 25. Rxa6 dxe5 26. fxe5 Rxc4 27. Ra8+ Bf8 28. Qf3 Qb5 29. Re2 Rc5 30. e6 f6 31. d6 Re5 32.
Rxe5 Qxe5 33. dxe7 Qb2+ 34. Kh3 Qe5 1-0

[Event "*** Titled Tuesday Blitz"]
[Site "Chess.com"]
[Date "2018.11.06"]
[Round "4"]
[White "Chessialist"]
[Black "mikhaillushenkov"]
[Result "0-1"]
[WhiteElo "2548"]
[BlackElo "2671"]
[TimeControl "180+2"]
[EndTime "13:52:54 PST"]
[Termination "mikhaillushenkov won by resignation"]

1. e4 e5 2. Nf3 Nc6 3. Bb5 a6 4. Ba4 Nf6 5. O-O b5 6. Bb3 Bb7 7. a4 Be7 8. d3 O-O 9. Nc3 b4 10. Nd5 Na5 11. Nxf6+ Bxf6 12. Bd5 Bxd5 13. exd5 c6 14.
dxc6 Nxc6 15. Be3 d5 16. Re1 Re8 17. Qd2 h6 18. h3 d4 19. Bxh6 gxh6 20. Qxh6 Re6 21.
Re4 Bg7 22. Qh5 Rh6 23. Qf5 Qc8 24. Qxc8+ Rxc8 25. Rae1 f5 26. R4e2 Re6 27. b3 Rce8 28. Kh2 Bf6 29. g4 fxg4 30. hxg4 Kf7 31. Kg3 Kg6 32. Nd2 Rh8 33. Nc4 Bh4+ 34. Kf3 Rf8+ 35. Ke4 Ne7 36. Nxe5+ Kg7 37. Rf1 Bf6 38. f4 Bxe5 39.
f5 Bc7+ 40. fxe6 Rxf1 41. Kxd4 Rf4+ 42. Kc5 Rxg4 43. Rf2 Rf4 44. Rxf4 Bxf4 45. Kxb4 Bc7 46. Kc5 Kf6 47. d4 Kxe6 48. c4 a5 49. Kb5 Kd7 50. d5 Kd6 51. b4 axb4 52. Kxb4 Bb6 53. Kb5 Bc5 54. a5 Nf5 55. a6 Ne3 56. a7 Bxa7 57.
c5+ Bxc5 58. Ka6 Kxd5 59. Kb7 Kd6 60. Ka8 Kc6 61. Kb8 Nd5 62. Ka8 Nc7+ 63. Kb8 Bb6 64. Kc8 Ba7 65. Kd8 Nd5 66. Ke8 Kd6 67. Kf7 Ne7 68. Ke8 Ke6 69. Kd8 Bb6+ 70. Ke8 Nf5 71. Kf8 Bc7 72. Kg8 Kf6 73. Kf8 Ng7 74. Kg8 Kg6 75. Kh8 Bd6 76. Kg8 Nf5 77. Kh8 Bc5 78. Kg8 Nh6+ 0-1

[Event "*** Titled Tuesday Blitz"]
[Site "Chess.com"]
[Date "2018.11.06"]
[Round "4"]
[White "INDIAN-ELEPHANT"]
[Black "RegZryt"]
[Result "0-1"]
[WhiteElo "2653"]
[BlackElo "2511"]
[TimeControl "180+2"]
[EndTime "13:52:55 PST"]
[Termination "RegZryt won by resignation"]

1. d4 d5 2. Nf3 Nf6 3. c4 e6 4. g3 Be7 5. Bg2 O-O 6. Qc2 b6 7. O-O dxc4 8. Bg5 Nd5 9. Bxe7 Qxe7 10. Qxc4 Bb7 11. Nbd2 c5 12. dxc5 Rc8 13. Nb3 Na6 14. e4 Nf6 15. c6 Rxc6 16. Qe2 e5 17. Rfc1 Nb4 18. Rxc6 Nxc6 19. Rd1 Rd8 20. Rc1 Nb4 21. Ne1 Ba6 22. Qe3 Nxa2 23. Ra1 Nb4 24. Qc3 Rc8 25. Qd2 Bc4 26. Nc1 a5 27. h3 Be6 28. Ncd3 Nxd3 29.
Nxd3 Qd7 30. Qe3 Qd4 31. Qxd4 exd4 32. f4 Bc4 33. Rc1 Ba6 34. e5 Rxc1+ 35. Nxc1 Nd7 36.
Bf1 Bxf1 37. Kxf1 Nc5 38. Ke2 Kf8 39. Nd3 Ke7 40. Ne1 Ke6 41. Nf3 Kd5 42. Ng5 Ne4 43. Nxf7 Nxg3+ 44. Kd3 Nh5 45. f5 Ng3 46. f6 gxf6 47.
exf6 Nh5 48. Ng5 Nxf6 49. Nf3 Nh5 50. Nxd4 Nf4+ 51. Ke3 Nxh3 52. Nf3 Kc4 53. Kd2 Kb3 54. Kc1 h5 55. Kb1 Nf4 56. Nd2+ Kb4 57. Nf3 Ng2 0-1

[Event "*** Titled Tuesday Blitz"]
[Site "Chess.com"]
[Date "2018.11.06"]
[Round "4"]
[White "kuli4ik"]
[Black "Federtiu"]
[Result "1-0"]
[WhiteElo "2787"]
[BlackElo "2624"]
[TimeControl "180+2"]
[EndTime "13:52:56 PST"]
[Termination "kuli4ik won by resignation"]

1. Nf3 g6 2. g3 Bg7 3. Bg2 d6 4. d4 e5 5. dxe5 dxe5 6. Qxd8+ Kxd8 7. O-O c6 8. Nfd2 Kc7 9. a4 Na6 10. Na3 f6 11. b3 Be6 12. Bb2 Nh6 13. Rfd1 Rhd8 14.
Ne4 Nf7 15. Kf1 f5 16. Nd2 Bd5 17. e4 Be6 18. Ke1 Nb4 19. Bc3 a5 20. Ke2 Nd6 21. exf5 Bxf5 22. Ndc4 Nxc2 23. Nxd6 Rxd6 24. Rxd6 Kxd6 25.
Rd1+ Ke6 26. Nc4 b5 27. axb5 cxb5 28. Bxa8 bxc4 29. Bd5+ Ke7 30. Bxc4 Na3 31. Bxa5 Nxc4 32. bxc4 e4 33. Rb1 Bg4+ 34. Ke1 Kd6 35. Rb7 Bd4 36. Rxh7 Kc5 37. Rc7+ Kd6 38. Rf7 Kc5 39. Rf4 Bf3 40. Bd2 Kxc4 41. Rf8 Bh5 42. Rc8+ Kd3 43. Rd8 Kc4 44. h3 Bf3 45. Rd6 Bg2 46. h4 1-0

[Event "*** Titled Tuesday Blitz"]
[Site "Chess.com"]
[Date "2018.11.06"]
[Round "4"]
[White "moro182"]
[Black "Samuray111"]
[Result "1-0"]
[WhiteElo "2731"]
[BlackElo "2598"]
[TimeControl "180+2"]
[EndTime "13:52:57 PST"]
[Termination "moro182 won by resignation"]

1. d4 d6 2. Nf3 Bg4 3. e4 Nf6 4. Nc3 e6 5. h3 Bh5 6. g4 Bg6 7. Qe2 Be7 8. h4 h5 9. g5 Nfd7 10. Bh3 Nc6 11. d5 exd5 12. Nxd5 Nde5 13. Nxe5 dxe5 14.
c3 Bd6 15. f3 Ne7 16. Ne3 O-O 17. Bd2 Qe8 18. O-O-O b5 19. Nf5 a5 20. Be3 b4 21. c4 Ra6 22. Kb1 Rc6 23. Rd2 Bc5 24. Rhd1 Bxe3 25. Nxe3 Qb8 26. Rd7 Re8 27. Bf5 b3 28. a3 Rd6 29. c5 Rxd7 30. Rxd7 Nc6 31. Qc4 Kh8 32. Rxf7 Bxf5 33. exf5 Qd8 34. f6 Qd2 35.
fxg7+ Kh7 36. g8=Q+ Kxg8 37. Rd7+ 1-0

[Event "*** Titled Tuesday Blitz"]
[Site "Chess.com"]
[Date "2018.11.06"]
[Round "4"]
[White "Fy_Rakotomaharo"]
[Black "GMMelik"]
[Result "1-0"]
[WhiteElo "2387"]
[BlackElo "2444"]
[TimeControl "180+2"]
[EndTime "13:52:57 PST"]
[Termination "Fy_Rakotomaharo won by checkmate"]

1. e4 e5 2. Nf3 Nc6 3. Bb5 f5 4.
d3 fxe4 5. dxe4 Nf6 6. Nc3 Bb4 7. O-O Bxc3 8. bxc3 d6 9. Nd2 O-O 10. Re1 Ne7 11.
Nf1 Ng6 12. Ng3 Ng4 13. h3 Nxf2 14. Qh5 Nf4 15. Bxf4 Rxf4 16. Re2 g6 17. Qh6 c6 18. Ba4 Qb6 19. Bb3+ Kh8 20. Kh2 Bd7 21. Rd2 Qc5 22. Qg5 Raf8 23. Qe7 Bc8 24. Qxd6 Qxc3 25. Re1 Kg7 26.
Ree2 R8f6 27. Qe7+ Kh6 28. Qd8 Rf8 29. Qe7 a5 30. Rxf2 Rxf2 31. Qh4+ Kg7 32. Nh5+ gxh5 33.
Rxf2 Rxf2 34. Qxf2 b5 35. Qf7+ Kh6 36. Qf6# 1-0

[Event "*** Titled Tuesday Blitz"]
[Site "Chess.com"]
[Date "2018.11.06"]
[Round "4"]
[White "maximlavrov"]
[Black "TastyFrenchFries"]
[Result "1/2-1/2"]
[WhiteElo "2553"]
[BlackElo "2392"]
[TimeControl "180+2"]
[EndTime "13:53:02 PST"]
[Termination "Game drawn - insufficient material"]

1. g3 e6 2. Bg2 Nf6 3. Nf3 a6 4. O-O Be7 5. d3 O-O 6. Nbd2 c5 7. e4 d5 8. exd5 exd5 9. d4 c4 10. Re1 Nc6 11. c3 Re8 12. Ne5 Bf5 13. Nxc6 bxc6 14. b3 cxb3 15. axb3 c5 16. Nf3 Ne4 17. Bb2 Qb6 18. Nd2 Bf6 19. Nxe4 Bxe4 20. dxc5 Qxc5 21. b4 Qc4 22. Bf1 Qc6 23. Ra5 g6 24. Qa4 Qe6 25. Rxa6 Rxa6 26. Qxa6 Qf5 27. Bg2 Kg7 28. Qb5 Re6 29.
Bxe4 Rxe4 30. Rf1 h5 31. Qd3 h4 32. f3 Rc4 33. Qxf5 gxf5 34. Kg2 hxg3 35. Kxg3 d4 36. cxd4 Rxb4 37. Ba1 Bxd4 38. Bxd4+ Rxd4 39. Ra1 Kg6 40. Ra6+ f6 41. Ra8 Rc4 42. Rg8+ Kf7 43. Rd8 Kg6 44.
Rd5 Kg5 45. Ra5 Kg6 46. Ra8 Kf7 47. Rh8 Kg7 48. Rh4 Rxh4 49. Kxh4 Kg6 50. h3 Kh6 51. Kg3 Kg5 52. h4+ Kh5 53. Kf4 Kxh4 54. Kxf5 Kg3 55. Kxf6 Kxf3 1/2-1/2

[Event "*** Titled Tuesday Blitz"]
[Site "Chess.com"]
[Date "2018.11.06"]
[Round "4"]
[White "EvgenyT"]
[Black "MikaelyanArman"]
[Result "1-0"]
[WhiteElo "2939"]
[BlackElo "2739"]
[TimeControl "180+2"]
[EndTime "13:53:04 PST"]
[Termination "EvgenyT won on time"]

1. c4 c6 2. Nf3 d5 3. e3 Nf6 4. Nc3 Nbd7 5. cxd5 cxd5 6. d4 e6 7. Bd3 Bd6 8. O-O O-O 9. Bd2 a6 10. Rc1 Qe7 11. Ne2 Ne4 12. Be1 b5 13. Ng3 f5 14.
Ba5 Ndf6 15. Ne5 Bxe5 16. dxe5 Ng4 17. Bxe4 dxe4 18. Nxe4 Qh4 19. h3 Nxe3 20. Nf6+ gxf6 21. fxe3 Bb7 22. Rc7 Bd5 23. Rxf5 fxe5 24. Qh5 Qxh5 25. Rxh5 Rf5 26. Rhxh7 Rg5 27. g4 Rf8 28. Rhe7 Rg6 29. Bc3 Rg5 30. a3 Bf3 31. Kh2 a5 32. Kg3 Bd5 33.
Kh4 Rg6 34. Bxe5 Rh6+ 35. Kg5 1-0

[Event "*** Titled Tuesday Blitz"]
[Site "Chess.com"]
[Date "2018.11.06"]
[Round "4"]
[White "ahachess"]
[Black "Phelathegreat"]
[Result "1-0"]
[WhiteElo "2358"]
[BlackElo "2333"]
[TimeControl "180+2"]
[EndTime "13:53:04 PST"]
[Termination "ahachess won by resignation"]

1. d4 Nf6 2. c4 e6 3. g3 Bb4+ 4. Bd2 Qe7 5. Bg2 O-O 6. Nf3 Bxd2+ 7. Nbxd2 Nc6 8. O-O d6 9. e3 e5 10. d5 Nb8 11. b4 a5 12. a3 Na6 13. Qb3 Bg4 14.
h3 Bd7 15. e4 c6 16. Ne1 axb4 17. axb4 c5 18. b5 Nb4 19. Nd3 Nxd3 20. Qxd3 Qd8 21. Qc3 Qb6 22. Kh2 Rfe8 23. f3 h6 24. Ra3 Rxa3 25.
Qxa3 Nh7 26. Ra1 Qd8 27. Qa5 Qg5 28. Nf1 Nf8 29. Qc7 Bc8 30. Qxd6 f5 31. exf5 Bxf5 32. Qxc5 e4 33. f4 Qf6 34. Re1 h5 35. Ne3 Bh7 36. d6 h4 37. Qd5+ Kh8 38. Ng4 hxg3+ 39. Kxg3 Qc3+ 40.
Re3 Qc2 41. Ne5 Re6 42. d7 Qc1 43. Kf2 Rf6 44. Nf7+ Kg8 45. Ng5+ Kh8 46. d8=Q Rxf4+ 47. Nf3 exf3 48. Rxf3 Qc2+ 49. Qd2 Rxf3+ 50. Bxf3 Qf5 51. Q2d6 Bg8 52. Q8xf8 Qc2+ 53. Kg3 Qxc4 54. Qdf4 Qxf4+ 55. Kxf4 Kh7 56. Be4+ 1-0

[Event "*** Titled Tuesday Blitz"]
[Site "Chess.com"]
[Date "2018.11.06"]
[Round "4"]
[White "Ar4uha"]
[Black "TST2014"]
[Result "1-0"]
[WhiteElo "2610"]
[BlackElo "2492"]
[TimeControl "180+2"]
[EndTime "13:53:06 PST"]
[Termination "Ar4uha won on time"]

1. e4 c5 2. Nf3 Nc6 3. Bb5 g6 4.
Bxc6 dxc6 5. d3 Bg7 6. h3 Nf6 7. Be3 b6 8. Nc3 O-O 9. O-O e5 10.
Nh2 Nh5 11. Ne2 Qh4 12. f4 exf4 13. Nxf4 Nxf4 14. Rxf4 Qg3 15. Nf1 Qg5 16. Rxf7 Qe5 17. Rxf8+ Bxf8 18. c3 Be6 19. Qf3 Bd6 20. d4 cxd4 21.
Bxd4 Qf4 22. Qxf4 Bxf4 23. Be3 Be5 24. a4 Rd8 25. Nd2 c5 26. Kf2 a5 27. Nf3 Bc7 28. Bg5 Rd3 29. Ne1 Bg3+ 30. Ke2 Rd7 31. Be3 Bb3 32.
Kf3 Be5 33. h4 Kf7 34. g3 Ke6 35. Ng2 Rd3 36. Nf4+ Bxf4 37. gxf4 Rd1 38. Ra3 Bc2 39. c4 Rh1 40. Bf2 Rh3+ 41. Bg3 Rh1 42. Re3 Bxa4 43. Rd3 Bc6 44. f5+ Ke7 45. Rd6 Ba4 46. Rxb6 Bd1+ 47. Kf4 Rf1+ 48. Ke5 gxf5 49. exf5 Re1+ 50. Bxe1 1-0

[Event "*** Titled Tuesday Blitz"]
[Site "Chess.com"]
[Date "2018.11.06"]
[Round "4"]
[White "Aklanion"]
[Black "Morshynska"]
[Result "1-0"]
[WhiteElo "2198"]
[BlackElo "2069"]
[TimeControl "180+2"]
[EndTime "13:53:09 PST"]
[Termination "Aklanion won by resignation"]

1. e4 e5 2. Nf3 Nc6 3. Bc4 Bc5 4. b4 Bxb4 5. c3 Ba5 6. d4 d6 7. Qb3 Nxd4 8. Nxd4 exd4 9. Bxf7+ Kf8 10. O-O Qf6 11.
Bc4 dxc3 12. Be3 Ne7 13. f4 c2 14. Na3 Nc6 15. Nxc2 Bb6 16. Bxb6 axb6 17. e5 Qe7 18. Rae1 Na5 19. Qd3 Nxc4 20. Qxc4 Be6 21. Qc3 Bxa2 22. Nd4 Bd5 23. f5 Ra2 24. Ne6+ Kg8 25. Nf4 Bc6 26. f6 Qf7 27. fxg7 Qxg7 28. Qb3+ d5 29. Qxa2 h5 30.
e6 Kf8 31. e7+ Ke8 32. Ne6 Qg6 33. Nxc7+ Kd7 34. e8=Q+ Rxe8 35. Nxe8 d4 36. Qf2 Kc8 37.
Qf5+ Qxf5 38. Rxf5 d3 39. Rd1 Bxe8 40. Rxd3 Bc6 41.
Rc3 1-0

[Event "*** Titled Tuesday Blitz"]
[Site "Chess.com"]
[Date "2018.11.06"]
[Round "4"]
[White "Andrew-FB00"]
[Black "brother-bear"]
[Result "1-0"]
[WhiteElo "1786"]
[BlackElo "2014"]
[TimeControl "180+2"]
[EndTime "13:53:09 PST"]
[Termination "Andrew-FB00 won on time"]

1. e4 e6 2. d4 d5 3. exd5 exd5 4. Bd3 Nf6 5. h3 c5 6. dxc5 Bxc5 7. Bg5 O-O 8. Ne2 Qb6 9. O-O Qxb2 10. Nbc3 Be7 11. Rb1 Qa3 12. Bxf6 Bxf6 13. Nxd5 Be5 14. Bc4 Nc6 15.
Nef4 Qc5 16. Bb3 Bf5 17. Nd3 Bxd3 18. Qxd3 Rad8 19. Qe4 Rfe8 20. Qc4 Qxc4 21. Bxc4 Na5 22. Ne3 Nxc4 23. Nxc4 b6 24. Nxe5 Rxe5 25. Rbd1 Rc8 26.
Rd7 a5 27. Rfd1 g6 28. R7d6 Rxc2 29. Rxb6 Rxa2 30. Rb8+ Kg7 31. Rb7 Ree2 32. Rf1 a4 33.
Ra7 a3 34. g3 h5 35. Kg2 Kf6 36. Kf3 1-0

[Event "*** Titled Tuesday Blitz"]
[Site "Chess.com"]
[Date "2018.11.06"]
[Round "4"]
[White "ahmadzada13"]
[Black "OparinGrigoriy"]
[Result "0-1"]
[WhiteElo "2642"]
[BlackElo "2922"]
[TimeControl "180+2"]
[EndTime "13:53:14 PST"]
[Termination "OparinGrigoriy won by resignation"]

1. e4 c6 2. d4 d5 3. Nc3 dxe4 4. Nxe4 Nf6 5. Nxf6+ exf6 6. Bc4 Bd6 7. Qe2+ Qe7 8.
Qxe7+ Kxe7 9. Nf3 Be6 10. Bxe6 fxe6 11. O-O Nd7 12. Re1 Kf7 13. Bd2 a5 14. a4 b5 15. axb5 cxb5 16. Bxa5 Rhc8 17. c3 Ra6 18. Nd2 Be7 19. Nb3 Rc4 20. Ra2 e5 21. Rea1 b4 22.
dxe5 Nxe5 23. Bxb4 Rxa2 24. Rxa2 Bxb4 25. cxb4 Rxb4 26. Nd2 Nd3 27. b3 Rb7 28. g3 g5 29.
Kg2 h5 30. h3 Kg6 31. Ra6 Nc5 32. Ra3 Rb4 33. Kf3 h4 34. gxh4 Rxh4 35. Kg2 Nd3 36. Ra6 Nf4+ 37. Kg1 Nxh3+ 38. Kf1 Nf4 39. Kg1 Kf5 40.
Nf3 Rh3 41. Nd4+ Ke4 42. Ne6 Ne2+ 43. Kg2 Rc3 44. Ra4+ Ke5 45. Ng7 Nf4+ 46. Kh2 Rxb3 47. Ra5+ Ke4 48. Ra4+ Kf3 49. Ra2 Rb7 0-1

[Event "*** Titled Tuesday Blitz"]
[Site "Chess.com"]
[Date "2018.11.06"]
[Round "4"]
[White "2165149677570"]
[Black "HanSchut"]
[Result "1-0"]
[WhiteElo "2396"]
[BlackElo "2293"]
[TimeControl "180+2"]
[EndTime "13:53:16 PST"]
[Termination "2165149677570 won by resignation"]

1. e4 c5 2. Nf3 d6 3. Bb5+ Nd7 4.
O-O a6 5. Bxd7+ Qxd7 6. c3 g6 7.
d4 cxd4 8. cxd4 Bg7 9. Nc3 b5 10.
Nd5 Ra7 11. Bd2 Bb7 12. Nb6 Qc6 13. d5 Qxb6 14. Be3 Qc7 15. Bxa7 Bxb2 16. Rb1 Bg7 17.
Bd4 Nf6 18. a4 Qd7 19. axb5 axb5 20. Qb3 O-O 21. Nd2 Nxe4 22. Bxg7 Nxd2 23. Qb2 Nc4 24.
Qd4 Rc8 25. Rfc1 f6 26. Bh6 Ne5 27. Rxc8+ Qxc8 28. Rc1 Qd7 29. Bf4 Kf7 30. Bxe5 fxe5 31. Qd3 Kg7 32. Ra1 Bc8 33. Qe3 Qf5 34. h3 Bd7 35.
Ra7 e4 36. g4 Qe5 37. Rxd7 Qxd5 38.
Qc3+ Kf7 39. Qh8 Qd1+ 40. Kh2 Qf3 41. Qxh7+ Ke6 42. Qxe7+ Kd5 43. Qxd6+ Kc4 44. Qd4+ Kb3 45. Qd1+ Qxd1 46. Rxd1 Kc2 47. Re1 Kd3 48. Rb1 1-0

[Event "*** Titled Tuesday Blitz"]
[Site "Chess.com"]
[Date "2018.11.06"]
[Round "4"]
[White "Paparama_1917"]
[Black "Denis_Makhnyov"]
[Result "0-1"]
[WhiteElo "2577"]
[BlackElo "2797"]
[TimeControl "180+2"]
[EndTime "13:53:19 PST"]
[Termination "Denis_Makhnyov won by resignation"]

1. e4 e5 2. Nf3 Nc6 3. Bb5 Nge7 4. b4 g6 5. Bb2 Bg7 6. a3 O-O 7. d3 d5 8. Nbd2 a6 9. Ba4 h6 10. Bb3 a5 11. b5 Nd4 12. Nxd4 exd4 13. Qf3 Be6 14.
O-O a4 15. Ba2 c5 16. bxc6 bxc6 17. exd5 Nxd5 18. Rfb1 Qg5 19. Ne4 Qe7 20. Bc4 f5 21.
Nd2 Bf7 22. Re1 Qg5 23. Nf1 Rab8 24. Bc1 Qf6 25. Bd2 Rb2 26. Rac1 Kh7 27. Ng3 Rd8 28. h3 Rd7 29. Ne2 c5 30. Nf4 Nxf4 31. Bxf4 Bxc4 32. dxc4 Qb6 33. Re8 Qb7 34. Qe2 d3 35. Qe6 Rf7 36. cxd3 g5 37. Be5 Re2 38. Qd6 Qd7 39.
Qxd7 Rxd7 40. f4 gxf4 41. Bxg7 Rxe8 0-1

[Event "*** Titled Tuesday Blitz"]
[Site "Chess.com"]
[Date "2018.11.06"]
[Round "4"]
[White "dretch"]
[Black "Msb2"]
[Result "1-0"]
[WhiteElo "2798"]
[BlackElo "2873"]
[TimeControl "180+2"]
[EndTime "13:53:20 PST"]
[Termination "dretch won by resignation"]

1. d4 d5 2. c4 e6 3. Nc3 Bb4 4. a3 Bxc3+ 5. bxc3 Nf6 6. e3 c6 7. Bd3 e5 8. cxd5 e4 9. Be2 cxd5 10. c4 O-O 11. cxd5 Nxd5 12. Bd2 Nc6 13. Bc4 Be6 14. Rc1 Qg5 15. g3 Rac8 16. Be2 Nce7 17. h4 Qg6 18.
Nh3 Rxc1 19. Qxc1 Bg4 20. Bxg4 Qxg4 21. Qd1 Qd7 22. Ng5 f5 23. O-O h6 24. Nh3 Qb5 25. Qc2 Rc8 26. Qa2 Qc4 27. Qb1 Qe2 28. Bb4 Ng6 29. Qb3 Qc4 30. Qxc4 Rxc4 31. h5 Nh8 32. Rb1 b6 33. Nf4 Nxf4 34. gxf4 Nf7 35. a4 Nd8 36. a5 b5 37. a6 Rc6 38. Be7 Ne6 39. Rxb5 Rxa6 40.
Rxf5 Ra1+ 41. Kg2 a5 42. d5 Nc7 43. Rf8+ Kh7 44. d6 Ne6 45. d7 Rd1 46. d8=Q Nxd8 47. Rxd8 Rxd8 48. Bxd8 a4 49. Be7 g6 50. Kg3 Kg7 51. Kg4 Kf7 52. Ba3 Kf6 53. hxg6 Kxg6 54.
f5+ Kf6 55. Bb2+ Kf7 56. Kh5 1-0